 Dungeon Crawl Stone Soup version 0.18-a0-125-g4c9da24 (webtiles) character file.

11053 hexophile the Grappler (level 11, -16/115 HPs)
             Began as a Troll Monk on Nov 22, 2015.
             Was an Elder of Cheibriados.
             Killed by the air
             ... invoked by Gastronok
              (32 damage)
             ... on level 11 of the Dungeon.
             The game lasted 00:18:38 (9134 turns).

hexophile the Grappler (Troll Monk)                 Turns: 9134, Time: 00:18:38

Health: -16/115    AC:  6    Str: 30    XL:     11   Next: 44%
Magic:  3/14       EV: 11    Int: 18    God:    Cheibriados [****..]
Gold:   570        SH:  0    Dex: 23    Spells: 3 memorised, 5 levels left

rFire  . . .     SeeInvis .       - Unarmed
rCold  . . .     Clarity  .     j - +1 robe {MR+} {MR+}
rNeg   . . .     SustAt   +     (no shield)
rPois  .         Gourm    +     (helmet restricted)
rElec  .         Spirit   .     (no cloak)
rCorr  .         Warding  .     (gloves unavailable)
rMut   .         Stasis   .     (boots unavailable)
MR     +....                    (no amulet)
Stlth  ++........               c - ring of sustain attributes
                                I - +6 ring of dexterity

@: very slow, somewhat resistant to hostile enchantments, unstealthy
A: unfitting armour, claws 3, talons 1, clumsy 2, fast metabolism 3, gourmand,
regeneration 2, shaggy fur 1, tough skin 2, wild magic 1
a: Bend Time, Temporal Distortion, Slouch, Renounce Religion


You were on level 11 of the Dungeon.
You worshipped Cheibriados.
Cheibriados was greatly pleased with you.
You were very full.

You visited 2 branches of the dungeon, and saw 12 of its levels.
You also visited: Sewer.

You collected 669 gold pieces.
You spent 99 gold pieces at shops.


Innate Abilities, Weirdness & Mutations

You are too large for most types of armour.
You have claws for hands.
Your metabolism is lightning-fast.
You like to eat raw meat.
You heal very quickly.
You are covered in fur (AC +1).
You have very tough skin (AC +2).
You have sharp toenails.
You are very clumsy. (Dex -4)
Your spells are a little harder to cast, but a little more powerful.

Inventory:

Missiles
 h - 41 poisoned needles
 A - 3 needles of slowing
Armour
 j - a +1 robe of magic resistance (worn) {MR+}
 G - a troll hide {regen}
Jewellery
 c - a ring of sustain attributes (right claw)
 I - a +6 ring of dexterity (left claw)
Wands
 e - a wand of frost (17)
 i - a wand of enslavement (13)
 C - a wand of polymorph (15)
Scrolls
 a - a scroll of remove curse
 b - 11 scrolls of identify
 l - 4 scrolls of magic mapping
 n - 2 scrolls of blinking
 p - 4 scrolls of fog
 q - 2 scrolls of immolation
 v - 6 scrolls of teleportation
 w - a scroll of recharging
 y - 2 scrolls of fear
 D - a scroll of noise
Potions
 f - 5 potions of might {Str+5 DMG+1d10}
 s - a potion of curing
 t - 3 potions of heal wounds {unknown}
 z - a potion of resistance {unknown}
 E - 2 potions of haste {unknown}
Books
 x - a book of Spatial Translocations

   Spells                             Type                      Level
   a - Apportation                    Translocation                1
   b - Blink                          Translocation                2
   c - Shroud of Golubria             Charms/Translocation         2
   d - Portal Projectile              Translocation                3
   e - Teleport Other                 Translocation                3
   f - Passage of Golubria            Translocation                4
Miscellaneous
 B - a phial of floods
Comestibles
 d - 8 fruits
 o - 2 royal jellies
 r - 15 bread rations
 u - 2 meat rations


You had 5 spell levels left.
You knew the following spells:

 Your Spells              Type           Power        Failure   Level  Hunger
a - Blink                 Tloc           N/A          11%         2    ###....
b - Repel Missiles        Chrm/Air       #.....       50%         2    ###....
z - Apportation           Tloc           ####......   7%          1    ##.....


   Skills:
 * Level 9.0 Fighting
 - Level 2.4 Dodging
 - Level 1.1 Stealth
 - Level 12.0 Unarmed Combat
 * Level 5.2 Translocations
 * Level 6.3 Invocations

Dungeon Overview and Level Annotations

Branches:
Dungeon (11/15)            Temple (1/1) D:7
   Lair: D:8-11         Orc: D:9-12

Altars:
Ashenzari
Cheibriados
Dithmenos
Elyvilon
Fedhas
Gozag
Kikubaaqudgha
Makhleb
Nemelex Xobeh
Okawaru
Qazlal
Ru
Sif Muna
Trog
Vehumet
Xom
Yredelemnul
Zin
The Shining One

Shops:
D:4 %[[   D:8 ?   D:9 *

Annotations:
D:2 exclusion: downstairs
D:11 Gastronok

Vault maps used:
D:1:      dpeg_arrival_ratfight, minmay_three_crescents
D:2:      minmay_misc_feat_secret_circle, kennysheep_generic_room_2, uniq_robin
D:3:      minmay_misc_feat_nine_boxes
D:4:      grunt_temple_overflow_bloody_war, nicolae_overflow_hidden_temple,
          first_bread, serial_shops, shop, kennysheep_little_box, shop
D:5:      nicolae_tso_besieged_by_evil
D:6:      gup_sewer_entry_spiral, hangedman_decor_opposing,
          hangedman_decor_slide_cut, corner_web_ring, nemelex_dance_club_becter
D:7:      grunt_temple_overflow_open, minmay_temple_entry_hall, uniq_menkaure
D:8:      serial_shops, shop
D:9:      minmay_overflow_temple_hex, serial_shops, shop
D:10:     grunt_livestock, minmay_ruffians
D:11:     grunt_lair_entry_elf_guard_hut, zombieorc2_lemuel, uniq_gastronok
Temple:   hc_temple_tempest_star_small
Sewer:    sewer_co_scattered_pipes
You       could see Gastronok.


Message History

The centaur is severely wounded.
The centaur hits you. The centaur barely misses you.
Gastronok bites the fungus!
You lost 3 HP.
You have now: 52/115 HP.
You mangle the centaur!!
You kill the centaur!
Cheibriados thoroughly appreciates the change of pace.
You claw the giant frog! You claw the giant frog.
You kill the giant frog!
Cheibriados thoroughly appreciates the change of pace.
Gastronok is nearby!
The flow of time bends around you.
Gastronok resists with some effort.
You feel slightly less full.
You claw Gastronok! You claw Gastronok, but do no damage.
Gastronok is lightly wounded.
Gastronok mumbles some strange words.
Gastronok seems to move somewhat quicker.
You claw Gastronok! You claw Gastronok, but do no damage.
Gastronok is lightly wounded.
You mangle Gastronok!! You claw Gastronok, but do no damage.
Gastronok is moderately wounded.
Gastronok bites you!
* * * LOW HITPOINT WARNING * * *
You lost 10 HP.
You have now: 45/115 HP.
Unknown command.
The flow of time bends around you.
Cheibriados rebukes Gastronok.
Gastronok seems to slow down.
* * * LOW MAGIC WARNING * * *
You feel slightly less full.
Unknown command.
You mangle Gastronok!! You claw Gastronok. You claw Gastronok!
Gastronok is heavily wounded.
You claw Gastronok! You claw Gastronok, but do no damage. You claw Gastronok!
Gastronok is severely wounded.
Gastronok bites you!!
* * * LOW HITPOINT WARNING * * *
!MASSIVE DAMAGE!
YOU LOST 32 HP!
You have now: 14/115 HP.
Unknown command.
You claw Gastronok! You claw Gastronok, but do no damage. You claw Gastronok!
Gastronok is severely wounded.
Unknown command.
You scratch Gastronok. You claw Gastronok, but do no damage.
Gastronok is almost dead.
You mangle Gastronok!! You claw Gastronok, but do no damage.
Gastronok is almost dead.
Gastronok waves his eye-stalks in wide circles.
The air twists around and strikes you!
You die...

Action                   |  1- 3 |  4- 6 |  7- 9 | 10-12 || total
-------------------------+-------+-------+-------+-------++-------
Melee: Unarmed           |   137 |   203 |   416 |   250 ||  1006
Throw: Throwing net      |       |       |       |     2 ||     2
Invok: Bend Time         |       |       |       |     5 ||     5
       Slouch            |       |       |       |     4 ||     4
Evoke: Wand              |       |     3 |     9 |       ||    12
  Use: Potion            |       |     3 |     3 |     6 ||    12
       Scroll            |       |     3 |     9 |     1 ||    13
 Stab: Sleeping          |     4 |     3 |     8 |     1 ||    16
  Eat: Chunk             |    11 |    14 |    45 |    18 ||    88

Notes
Turn   | Place    | Note
--------------------------------------------------------------
     0 | D:1      | hexophile the Troll Monk began the quest for the Orb.
     0 | D:1      | Reached XP level 1. HP: 22/22 MP: 0/0
   105 | D:1      | Reached XP level 2. HP: 29/29 MP: 1/1
   468 | D:1      | Reached XP level 3. HP: 36/36 MP: 2/2
   672 | D:1      | You fall through a shaft!
   701 | D:2      | Reached skill level 3 in Fighting
   801 | D:2      | Reached skill level 5 in Unarmed Combat
   864 | D:2      | Reached XP level 4. HP: 36/45 MP: 3/3
   973 | D:2      | Noticed Robin
  1037 | D:2      | Killed Robin
  1322 | D:2      | Reached XP level 5. HP: 45/53 MP: 4/4
  1394 | D:3      | Noticed axujen's ghost (amateur VSSu)
  1642 | D:4      | Reached skill level 6 in Unarmed Combat
  1718 | D:4      | Found Nar Rish's Antique Armour Boutique.
  1723 | D:4      | Bought a runed robe for 15 gold pieces
  1753 | D:4      | Noticed an ice beast
  1801 | D:4      | Found a burning altar of Makhleb.
  1887 | D:4      | Found Bulyecw's Food Shop.
  1920 | D:4      | Reached XP level 6. HP: 44/62 MP: 5/5
  2034 | D:4      | Found Kewuvi's Armour Boutique.
  2125 | D:5      | Entered Level 5 of the Dungeon
  2132 | D:5      | Reached skill level 4 in Fighting
  2146 | D:5      | Reached skill level 7 in Unarmed Combat
  2298 | D:5      | Found a glowing golden altar of the Shining One.
  2361 | D:5      | Reached XP level 7. HP: 62/70 MP: 6/6
  2671 | D:5      | Reached skill level 8 in Unarmed Combat
  3111 | D:6      | Reached skill level 5 in Fighting
  3122 | D:6      | Reached XP level 8. HP: 73/80 MP: 7/7
  3206 | D:6      | Found a sparkling altar of Nemelex Xobeh.
  3214 | D:6      | Reached skill level 9 in Unarmed Combat
  3300 | D:6      | Found a glowing drain.
  3480 | Sewer    | Entered a sewer
  4202 | D:6      | Noticed a hill giant
  4243 | D:6      | Killed a hill giant
  4243 | D:6      | Reached skill level 10 in Unarmed Combat
  4302 | D:6      | Reached skill level 6 in Fighting
  4533 | D:6      | Reached XP level 9. HP: 83/89 MP: 8/8
  5071 | D:4      | Found an iron altar of Okawaru.
  5072 | D:4      | Found a bloodstained altar of Trog.
  5256 | D:3      | Killed axujen's ghost
  5256 | D:3      | Reached skill level 11 in Unarmed Combat
  5838 | D:7      | Noticed Menkaure
  5845 | D:7      | Killed Menkaure
  5901 | D:7      | Found a staircase to the Ecumenical Temple.
  5999 | Temple   | Entered the Ecumenical Temple
  6330 | D:7      | Found a blossoming altar of Fedhas.
  6336 | D:7      | Found a radiant altar of Vehumet.
  6336 | D:7      | Found a snail-covered altar of Cheibriados.
  6352 | D:7      | Became a worshipper of Cheibriados the Contemplative
  6352 | D:7      | Reached * piety under Cheibriados
  6352 | D:7      | Reached ** piety under Cheibriados
  6468 | D:7      | Learned a level 1 spell: Apportation
  6471 | D:7      | Learned a level 2 spell: Blink
  6474 | D:7      | Learned a level 2 spell: Repel Missiles
  6583 | D:8      | Reached skill level 1 in Invocations
  6648 | D:8      | Reached skill level 1 in Translocations
  6698 | D:8      | Reached skill level 7 in Fighting
  6732 | D:8      | Reached skill level 2 in Invocations
  6849 | D:8      | Found Efuadeiq's Magic Scroll Emporium.
  6854 | D:8      | Bought a scroll of magic mapping for 45 gold pieces
  6854 | D:8      | Bought a scroll of fog for 26 gold pieces
  6854 | D:8      | Bought a scroll of noise for 13 gold pieces
  7031 | D:8      | Reached skill level 2 in Translocations
  7031 | D:8      | Reached XP level 10. HP: 74/102 MP: 10/10
  7095 | D:8      | Reached *** piety under Cheibriados
  7240 | D:9      | Gained mutation: Your spells are a little harder to cast, but a little more powerful. [mutagenic meat]
  7241 | D:9      | Gained mutation: You are clumsy. (Dex -2) [mutagenic meat]
  7242 | D:9      | Gained mutation: You have sharp toenails. [mutagenic meat]
  7243 | D:9      | Gained mutation: You are weak. (Str -2) [mutagenic meat]
  7322 | D:9      | Reached skill level 3 in Invocations
  7477 | D:9      | Found a deep blue altar of Sif Muna.
  7477 | D:9      | Found a sacrificial altar of Ru.
  7477 | D:9      | Found a shattered altar of Ashenzari.
  7477 | D:9      | Found a glowing silver altar of Zin.
  7506 | D:9      | Found an opulent altar of Gozag.
  7506 | D:9      | Found an ancient bone altar of Kikubaaqudgha.
  7717 | D:9      | Reached skill level 3 in Translocations
  7736 | D:9      | Reached **** piety under Cheibriados
  7839 | D:9      | Found Yhaim's General Store.
  8152 | D:10     | Entered Level 10 of the Dungeon
  8166 | D:10     | Reached skill level 12 in Unarmed Combat
  8166 | D:10     | Reached skill level 4 in Invocations
  8189 | D:10     | Reached skill level 8 in Fighting
  8210 | D:10     | Reached skill level 4 in Translocations
  8233 | D:10     | Lost mutation: You are weak. (Str -2) [potion of mutation]
  8233 | D:10     | Gained mutation: You are very clumsy. (Dex -4) [potion of mutation]
  8238 | D:10     | Reached skill level 5 in Invocations
  8241 | D:10     | Reached XP level 11. HP: 34/113 MP: 13/13
  8851 | D:10     | Noticed a hill giant
  8861 | D:10     | Killed a hill giant
  8892 | D:10     | Reached skill level 6 in Invocations
  8920 | D:10     | Reached skill level 5 in Translocations
  9098 | D:11     | Reached ***** piety under Cheibriados
  9110 | D:11     | Reached skill level 9 in Fighting
  9115 | D:11     | Noticed Gastronok
  9134 | D:11     | Killed from afar by Gastronok

Table legend:
 A = Turns spent in this place as a percentage of turns spent in the entire game.
 B = Non-inter-level travel turns spent in this place as a percentage of non-inter-level travel turns spent in the entire game.
 C = Inter-level travel turns spent in this place as a percentage of turns spent in this place.
 D = Turns resting spent in this place as a percentage of non-inter-level travel turns spent in this place.
 E = Turns spent auto-exploring this place as a percentage of non-inter-level travel turns spent in this place.
 F = Non-inter-level travel turns spent in this place divided by the number of levels of this place that you've seen.
                   A       B       C       D       E      F
               +-------+-------+-------+-------+-------+----------------------
         Total | 100.0 | 100.0 |   0.6 |   1.1 |   9.4 | 289.2
       Dungeon |  90.9 |  90.9 |   0.7 |   1.2 |   9.4 | 310.5
        Temple |   0.7 |   0.7 |   0.0 |   0.0 |  29.6 |  27.0
         Sewer |   8.4 |   8.4 |   0.0 |   0.0 |   6.9 | 317.0
               +-------+-------+-------+-------+-------+----------------------

Table legend:
 A = Kills in this place as a percentage of kills in entire the game.
 B = Kills by you in this place as a percentage of kills by you in the entire game.
 C = Kills by friends in this place as a percentage of kills by friends in the entire game.
 D = Other kills in this place as a percentage of other kills in the entire game.
 E = Experience gained in this place as a percentage of experience gained in the entire game.
 F = Experience gained in this place divided by the number of levels of this place that you have seen.
                   A       B       C       D       E      F
               +-------+-------+-------+-------+-------+----------------------
         Total | 100.0 | 100.0 | 100.0 | 100.0 | 100.0 | 1214.6
       Dungeon |  94.8 |  94.7 | 100.0 | 100.0 |  99.7 | 1430.7
         Sewer |   5.2 |   5.3 |   0.0 |   0.0 |   0.3 |  52.0
               +-------+-------+-------+-------+-------+----------------------

Vanquished Creatures
  2 hill giants
  2 centaur zombies (D:10)
  A gargoyle (D:10)
  A troll (D:9)
  A two-headed ogre (D:8)
  2 wraiths (D:10)
  12 yaks
  A deep elf mage (D:9)
  Menkaure (D:7)
  3 hippogriffs
  6 humans (D:10)
  4 orc warriors
  The ghost of axujen the Caller, an amateur VSSu (D:3)
  4 ice beasts
  A sky beast (D:9)
  4 ogres
  A big kobold (D:9)
  10 centaurs
  A gnoll sergeant (D:10)
  11 giant frogs
  A water moccasin zombie (D:9)
  6 scorpions
  5 wights (D:9)
  7 crimson imps
  4 orc wizards
  7 orc priests
  5 hounds
  3 jellies
  2 giant frog skeletons
  4 iguanas
  9 worker ants
  4 sheep (D:10)
  2 hound zombies
  A hound skeleton (D:6)
  Robin (D:2)
  3 river rats (D:11)
  11 gnolls
  20 adders
  2 shadow imps
  A white imp (D:5)
  2 oozes
  An adder skeleton (D:5)
  An adder zombie (D:5)
  7 worms
  5 giant geckos
  40 orcs
  15 bats
  12 giant cockroaches
  12 hobgoblins
  19 jackals
  18 kobolds
  8 quokkas
  7 ball pythons
  A ball python skeleton (D:4)
  11 giant newts
  23 goblins
  A goblin skeleton (D:5)
  2 goblin zombies (D:5)
  A hobgoblin zombie (D:5)
  A kobold skeleton (D:5)
  3 kobold zombies (D:5)
  An orc zombie (D:5)
  21 rats
  4 plants (Sewer)
383 creatures vanquished.

Vanquished Creatures (collateral kills)
  2 gnolls (D:4)
  2 orcs
4 creatures vanquished.

Vanquished Creatures (others)
  A deep elf mage (D:11)
  2 orc priests
  An orc wizard (D:6)
  A gnoll (D:6)
5 creatures vanquished.

Grand Total: 392 creatures vanquished
